AoeStats
← 沒起房子我日

Arena

509052712Analyzed
4v4 RM · 6d ago on Sep 25, 2026· 40m 5s· 8 players
Game mode
Random Map
Map size
Large (8 player)
Population
200
Speed
Normal
Resources
Standard
Victory
Conquest
Starting age
Dark Age
Ending age
Imperial Age
RankedLock teamsTeams togetherTeam positionsShared explorationLock speedFull tech treeHidden civsTurbo modeCheats
Victory
Defeat
🇨🇦 Burgundians · Canada
1634
+17
🇹🇼 Cumans · Taiwan
1558
+20
🇨🇿 Britons · Czechia
1541
+21
🇹🇼 Mongols · Taiwan
1507
+21
🇺🇸 Portuguese · United States
1684
-21
🇨🇳 Shu · China
1660
-20
🇫🇮 Varangians · Finland
1629
-19
🇿🇦 Poles · South Africa
1616
-19
YYQ
9:57 Feudal Age
13:55 Castle Age
12:12 Double-Bit Axe
12:13 Horse Collar
15:05 Bow Saw
21:53 Wheelbarrow
22:35 Heavy Plow
25:00 Loom
25:07 Gold Mining
28:00 Imperial Age
25:40 Fletching
26:08 Hand Cart
25:39 Town Watch
26:03 Stone Mining
26:29 Bodkin Arrow
27:10 Ballistics
27:04 Padded Archer Armor
26:27 Crossbowman
28:23 Gold Shaft Mining
27:57 Thumb Ring
28:53 Leather Archer Armor
29:02 Siege Engineers
28:36 Arbalester
31:34 Bracer
33:25 Chemistry
33:59 Scale Mail Armor
40:51 Two-Man Saw
Lastmantillidie
10:37 Feudal Age
11:19 Double-Bit Axe
14:44 Castle Age
13:15 Horse Collar
15:54 Bow Saw
19:24 Gold Mining
20:50 Loom
22:44 Wheelbarrow
22:24 Heavy Plow
24:35 Husbandry
25:19 Hand Cart
26:20 Bloodlines
29:47 Imperial Age
28:00 Scale Barding Armor
27:37 Treadmill Crane
28:08 Scale Mail Armor
27:54 Pikeman
29:10 Forging
30:42 Chain Barding Armor
31:00 Iron Casting
30:57 Conscription
30:10 Cavalier
32:17 Two-Man Saw
32:20 Chemistry
31:58 Plate Barding Armor
32:00 Stone Mining
33:15 Blast Furnace
32:32 Chain Mail Armor
34:49 Plate Mail Armor
35:43 Ballistics
35:35 Halberdier
37:16 Crop Rotation
37:18 Padded Archer Armor
37:31 Masonry
37:12 Fletching
39:30 Leather Archer Armor
Kaarlos
10:47 Feudal Age
12:03 Loom
14:48 Castle Age
12:58 Double-Bit Axe
13:33 Horse Collar
15:53 Bow Saw
15:51 Horse Collar
33:52 Imperial Age
33:01 Fletching
33:42 Forging
33:38 Scale Barding Armor
34:03 Bodkin Arrow
34:35 Ballistics
34:40 Bracer
35:20 Conscription
37:46 Chemistry
Pielover757
7:08 Loom
10:33 Feudal Age
14:23 Castle Age
12:33 Horse Collar
13:22 Double-Bit Axe
15:28 Heavy Plow
20:23 Wheelbarrow
19:54 Gold Mining
20:45 Bow Saw
21:50 Stone Mining
24:30 Hand Cart
28:40 Imperial Age
25:58 Town Watch
26:19 Scale Barding Armor
26:25 Forging
26:38 Szlachta Privileges
27:14 Chain Barding Armor
28:00 Bloodlines
27:50 Husbandry
28:28 Iron Casting
29:41 Conscription
28:57 Cavalier
30:41 Blast Furnace
32:06 Crop Rotation
35:23 Fletching
35:34 Padded Archer Armor
37:35 Bodkin Arrow
38:18 Leather Archer Armor
37:25 Elite Skirmisher
38:53 Ballistics
39:15 Bracer
41:17 Chemistry
沒起房子我日
8:02 Feudal Age
8:43 Double-Bit Axe
9:08 Horse Collar
19:23 Castle Age
17:47 Gold Mining
19:16 Wheelbarrow
20:32 Hand Cart
20:29 Bow Saw
20:52 Light Cavalry
21:48 Stone Mining
27:24 Imperial Age
24:41 Loom
25:21 Bloodlines
25:57 Heavy Plow
27:27 Cavalier
28:13 Scale Barding Armor
28:59 Conscription
28:51 Paladin
30:16 Gold Shaft Mining
30:47 Chain Barding Armor
31:28 Forging
33:19 Plate Barding Armor
34:58 Coinage
35:21 Iron Casting
41:35 Two-Man Saw
41:06 Crop Rotation
ggsadpom,sdf
9:36 Feudal Age
13:19 Castle Age
12:00 Double-Bit Axe
15:35 Horse Collar
17:01 Loom
22:17 Wheelbarrow
22:34 Town Watch
28:22 Imperial Age
26:16 Fletching
27:17 Bodkin Arrow
27:56 Padded Archer Armor
28:48 Bloodlines
29:00 Ballistics
28:42 Husbandry
29:32 Bracer
31:06 Leather Archer Armor
31:53 Chemistry
31:04 Gold Mining
31:04 Stone Mining
30:41 Capped Ram
31:54 Conscription
32:32 Thumb Ring
32:18 Light Cavalry
33:04 Scale Barding Armor
34:41 Chain Barding Armor
34:32 Forging
34:11 Elite Mangudai
36:21 Hoardings
36:11 Drill
37:56 Iron Casting
Turbox
10:01 Feudal Age
11:12 Loom
14:28 Castle Age
12:40 Double-Bit Axe
13:08 Horse Collar
14:47 Town Watch
15:26 Bow Saw
24:49 Fletching
26:56 Bodkin Arrow
28:10 Padded Archer Armor
28:47 Ballistics
33:03 Murder Holes
38:10 Imperial Age
41:44 Chemistry
Aron
3:32 Double-Bit Axe
8:01 Horse Collar
11:16 Feudal Age
15:38 Castle Age
14:56 Bow Saw
15:41 Heavy Plow
16:50 Wheelbarrow
18:12 Hand Cart
19:35 Town Watch
21:16 Loom
23:16 Two-Man Saw
22:41 Gold Mining
22:41 Stone Mining
24:31 Gold Shaft Mining
24:32 Stone Shaft Mining
27:15 Imperial Age
25:25 Crop Rotation
27:22 Fletching
29:00 Chemistry
28:55 Bodkin Arrow
30:15 Conscription
36:46 Padded Archer Armor
40:05 Scale Barding Armor
40:01 Scale Mail Armor
40:11 Forging
40:02 Bracer
40:18 Leather Archer Armor
40:09 Bracer
40:19 Forging
40:16 Scale Barding Armor
Connection lost

Rejoining the realm…

Still unreachable

The connection could not be restored.

Session expired

The server has moved on; the page needs a fresh start.